 Dungeon Crawl Stone Soup version 0.31-a0-875-g02e7d12df6 (webtiles) character file.

Game seed: 5505510133754559991

1 Azuregosa the Sneak (level 1, 0/16 HPs)
             Began as an Octopode Delver on Oct 12, 2023.
             Slain by a worm (2 damage)
             ... on level 5 of the Dungeon.
             The game lasted 00:00:54 (31 turns).

Azuregosa the Sneak (Octopode Delver)                 Turns: 31, Time: 00:00:54

Health: 0/16       AC:  1    Str: 11    XL:     1   Next: 20%
Magic:  1/1        EV: 13    Int: 12    God:
Gold:   0          SH:  0    Dex: 13    Spells: 0/0 levels left

rFire   . . .        a - +0 falchion
rCold   . . .        (no shield)
rNeg    . . .        (helmet restricted)
rPois   .            (no amulet)
rElec   .            (no ring)
rCorr   .            (no ring)
SInv    .            (no ring)
Will    .....        (no ring)
Stlth   +++++        (no ring)
HPRegen 0.22/turn    (no ring)
MPRegen 0.07/turn    (no ring)
                     (no ring)

%: no passive effects
@: no status effects
A: almost no armour, amphibious, 8 rings, camouflage 1, gelatinous body 1,
nimble swimmer 1, tentacles
a: no special abilities


You were on level 5 of the Dungeon.
You visited 1 branch of the dungeon, and saw 1 of its levels.

Inventory:

Hand Weapons
 a - a +0 falchion (weapon)
Wands
 f - a wand of digging (3)
Scrolls
 b - a scroll of fog
 d - a scroll of fear
Potions
 e - a potion of haste


   Skills:
 + Level 3.0 Fighting
 + Level 2.0 Long Blades
 + Level 2.0 Dodging
 + Level 6.6 Stealth


You couldn't memorise any spells.
You didn't know any spells.
Your spell library was empty.

Dungeon Overview and Level Annotations

Branches:
Dungeon (5/15)
 Temple: D:4-7

Altars:

Portals:
Sewer: D:5


Innate Abilities, Weirdness & Mutations

You cannot wear most types of armour.
You are amphibious.
You can wear up to eight rings at the same time.
Your skin changes colour to match your surroundings (Stealth+).
Your rubbery body absorbs attacks. (AC +1, EV +1)
You are camouflaged when in or above water. (Stealth+)
You have tentacles for arms and can constrict up to eight enemies at once.


Message History

You kill the giant cockroach!
The rat closely misses you. The river rat closely misses you.
The rat bites you but does no damage.
You enter the shallow water.
A centaur comes into view.
The river rat misses you. The rat misses you.
The rat attacks as it pursues you! The rat barely misses you.
The river rat attacks as it pursues you!
The river rat closely misses you.
You closely miss the river rat. Your grab misses the river rat.
Your squeeze misses the river rat. The rat bites you.
The river rat completely misses you.
You barely miss the river rat. You grab the river rat.
You constrict the river rat, but do no damage.
The rat splashes around in the water.
The river rat bites you! The worm barely misses you. The rat misses you.
The rat barely misses you.
The rat splashes around in the water.
You completely miss the river rat. You constrict the river rat.
The river rat bites you but does no damage.
The rat bites you. The rat completely misses you.
The rat splashes around in the water.
The rat closely misses you. The worm bites you but does no damage.
You hit the river rat.
The river rat is severely wounded.
You constrict the river rat, but do no damage.
The river rat completely misses you.
The rat splashes around in the water. x3
The rat misses you. The river rat bites you.
* * * LOW HITPOINT WARNING * * *
You hit the river rat.
The river rat is almost dead.
You constrict the river rat, but do no damage.
The rat splashes around in the water.
The rat closely misses you. The rat misses you. The rat closely misses you.
The worm barely misses you. The river rat barely misses you.
The rat completely misses you. The rat barely misses you.
You hit the river rat.
You kill the river rat!
The rat completely misses you. The rat closely misses you. x2
The worm bites you.
You die...

#..........#.###.#*,,,*
..####.#..##.....#**,.#
######.#.........####.#
****#+##.............#
**,,,,,,#.##..........#
**,,,,,,#......~~~....#
**,,,,,,####..~~~~~...#
******+** #..~row~...#
* *,* *#.r5r@~~...#
**,***#....rr~....#
*,,,.......cB.....# *
*,**###..........## *
*,,,,.......###### *
*,**###.##..# *****,*
#.,...# ,,,,,,* #,####*
*****,* *,********


You could see a centaur, a worm, a shadow imp, an orc, a giant cockroach
(asleep) and 5 rats.

Vanquished Creatures
  A river rat (D:5)
  A giant cockroach (D:5)
2 creatures vanquished.

Notes
Turn   | Place    | Note
-------+----------+-------------------------------------------
     0 | D:5      | Azuregosa the Octopode Delver began the quest for the Orb.
     0 | D:5      | Reached XP level 1. HP: 16/16 MP: 1/1
     0 | D:5      | Noticed a hound
    16 | D:5      | Found a glowing drain.
    23 | D:5      | Noticed a centaur
    31 | D:5      | Slain by a worm

Illustrated notes

Levels and vault maps discovered:
D:5:      minmay_opposing_rooms, layout_basic, ashenzari_altar_1, minitemple,
          portal_sewer_entry_a

Action                     || total
---------------------------++-------
  Melee: Falchion          ||     7
         Constrict         ||     1
    Use: Scroll            ||     1
 Armour: Skin              ||     8
  Dodge: Dodged            ||    26

Table legend: (Time is in decaauts)
 A = Elapsed time spent in this place.
 B = Non-inter-level travel time spent in this place.
 C = Inter-level travel time spent in this place.
 D = Time resting spent in this place.
 E = Time spent auto-exploring this place.
 F = Levels seen in this place.
 G = Mean time per level.
                   A        B        C        D        E       F      G
               +--------+--------+--------+--------+--------+-----+--------+
         Total |     32 |     32 |      0 |      0 |      0 |   1 |   32.0 |
       Dungeon |     32 |     32 |      0 |      0 |      0 |   1 |   32.0 |
               +--------+--------+--------+--------+--------+-----+--------+

Top non-repeatable levels by time:
     D:5: 32 daAuts
